 Dungeon Crawl Stone Soup version 0.30-a0-948-g4fa250aae5 (webtiles) character file.

Game seed: 9525045283156938334

190 DeathPants the Vexing (level 5, 0/26 HPs)
             Began as a Vine Stalker Enchanter on Mar 26, 2023.
             Slain by Duvessa
             ... wielding a +0 rapier
              (5 damage)
             ... on level 4 of the Dungeon.
             The game lasted 00:10:03 (2330 turns).

DeathPants the Vexing (Vine Stalker Enchanter)      Turns: 2330, Time: 00:10:04

Health: 0/26       AC:  3    Str: 13    XL:     5   Next: 69%
Magic:  0/11       EV: 11    Int: 15    God:
Gold:   235        SH:  0    Dex: 14    Spells: 5/11 levels left

rFire   . . .      SeeInvis .    a - +1 dagger
rCold   . . .      Faith    .    (no shield)
rNeg    . . .      Spirit   +    f - +0 leather armour
rPois   .          Reflect  .    (no helmet)
rElec   .          Rampage  .    (no cloak)
rCorr   .                        (no gloves)
Will    .....                    (no boots)
Stlth   +                        (no amulet)
HPRegen 1.04/turn                k - ring of wizardry
MPRegen 0.12/turn                n - ring of wizardry

@: lit by a corona, glowing, invisible (but backlit and visible)
A: fangs 2, regeneration 1, magic shield, antimagic bite, no potion heal 2
a: no special abilities


You were on level 4 of the Dungeon.
You visited 1 branch of the dungeon, and saw 4 of its levels.

You collected 235 gold pieces.

Inventory:

Hand Weapons
 a - a +1 dagger (weapon)
 o - the +4 dagger "Fohiepp" {flame, Drain rC++}
   (You found it on level 2 of the Dungeon)

   rC:        It greatly protects you from cold.
   Drain:     It drains your maximum health when unequipped.
 q - a +0 rapier
Missiles
 r - 3 boomerangs (quivered)
 u - 5 poisoned darts
Armour
 b - a +0 robe
 f - a +0 leather armour (worn)
Jewellery
 k - a ring of wizardry (left hand)
 n - a ring of wizardry (right hand)
Scrolls
 d - a scroll of identify {unknown}
 i - a scroll of vulnerability {unknown}
 j - a scroll of enchant armour {unknown}
 l - a scroll of enchant weapon {unknown}
 m - a scroll of magic mapping
 p - a scroll of blinking {unknown}
Potions
 c - a potion of invisibility
 e - a potion of might {unknown}
 g - 2 potions of curing {unknown}
 h - 2 potions of magic {unknown}
 s - 2 potions of brilliance {unknown}
 t - a potion of degeneration {unknown}
 v - a potion of mutation {unknown}


   Skills:
 + Level 2.1 Fighting
 + Level 2.3 Short Blades
 - Level 1.5 Dodging
 - Level 3.6 Stealth
 + Level 3.5 Spellcasting
 + Level 4.0 Hexes


You had 5 spell levels left.
You knew the following spells:

 Your Spells              Type           Power      Damage    Failure   Level
a - Confusing Touch       Hex            14%        N/A       4%          3
b - Tukima's Dance        Hex            14%        N/A       4%          3

Your spell library contained the following spells:

 Spells                   Type           Power      Damage    Failure   Level
 Ensorcelled Hibernation  Hex/Ice        16%        N/A       4%          2
 Dazzling Flash           Conj/Hex       16%        N/A       9%          3
 Vhi's Electric Charge    Tloc/Air       4%         N/A       19%         3
 Arcjolt                  Conj/Air       1%         1d11      82%         5
 Maxwell's Capacitive Co  Air            1%         ∞         100%        8


Dungeon Overview and Level Annotations

Branches:
Dungeon (4/15)
 Temple: D:4-7

Altars:
Vehumet

Annotations:
D:4 Dowan, Duvessa


Innate Abilities, Weirdness & Mutations

You have extremely sharp teeth.
Your natural rate of healing is unusually fast.
When hurt, damage is shared between your health and your magic reserves.
Your bite disrupts and absorbs the magic of your enemies.
Potions cannot restore your health.


Message History

You hit Duvessa but do no damage.
Duvessa is moderately wounded.
Duvessa completely misses you.
You hit Duvessa.
Duvessa is heavily wounded.
Duvessa barely misses you. Dowan gestures at you while chanting.
The puff of frost hits you. Duvessa completely misses you.
You hit Duvessa but do no damage.
Duvessa is heavily wounded.
Duvessa barely misses you. Dowan closely misses you.
Casting: Confusing Touch (quite dangerous; 4% risk of failure)
Confirm with . or Enter, or press ? or * to list all spells.
Aiming: Tukima's Dance (quite dangerous; 4% risk of failure)
Press: ? - help, Shift-Dir - straight line, f - Duvessa
Aim: Duvessa, wielding a +0 rapier and wearing a +2 leather armour of fire resistance (heavily wounded, fast, unable to see you, chance to affect: 30%) Duvessa easily resists.
Duvessa hits you with a +0 rapier. Dowan hits you with a +0 dagger.
Casting: Tukima's Dance (quite dangerous; 4% risk of failure)
Confirm with . or Enter, or press ? or * to list all spells.
You don't have enough magic to cast this spell.
Unknown command.
You hit Duvessa but do no damage.
Duvessa is heavily wounded.
Duvessa misses you.
Duvessa says, "When magic and the sword combine, nothing stands against them."
Duvessa hits you with a +0 rapier.
You hit Duvessa.
Duvessa is heavily wounded.
Dowan gestures at you while chanting.
You feel strangely conspicuous. Duvessa closely misses you.
You hit Duvessa but do no damage. Your bite misses Duvessa.
Duvessa is heavily wounded.
Duvessa hits you with a +0 rapier. Duvessa closely misses you.
You hit Duvessa but do no damage.
Duvessa is heavily wounded.
Dowan hits you with a +0 dagger.
* * * LOW HITPOINT WARNING * * *
Duvessa hits you with a +0 rapier.
You die...

###.. ..#.#
#.#.####
#.#.....#
#.#..# .#
#.#..#..
#....#.####
#@.........
#ee##...##
#.....?.#
###.#...##.
#..........
#.#........
#.#.....###
#.#.#......
#.#.#.####.


You could see Duvessa (fast) and Dowan.

Vanquished Creatures
  A hound (D:4)
  Natasha (D:2)
  6 adders
  A worm (D:3)
  A dart slug (D:2)
  An orc (D:3)
  4 bats
  8 endoplasms
  A giant cockroach (D:1)
  8 goblins
  8 hobgoblins
  2 jackals (D:1)
  3 quokkas
  15 ball pythons
  4 frilled lizards
  8 kobolds
  8 rats
80 creatures vanquished.

Notes
Turn   | Place    | Note
-------+----------+-------------------------------------------
     0 | D:1      | DeathPants the Vine Stalker Enchanter began the quest for
                  | the Orb.
     0 | D:1      | Reached XP level 1. HP: 9/9 MP: 4/4
    35 | D:1      | Reached skill level 1 in Short Blades
    59 | D:1      | Reached XP level 2. HP: 5/14 MP: 3/6
   436 | D:1      | Reached XP level 3. HP: 16/17 MP: 5/7
   438 | D:1      | Reached skill level 1 in Fighting
   748 | D:2      | Learned a level 3 spell: Tukima's Dance
   826 | D:2      | Learned a level 3 spell: Confusing Touch
  1046 | D:2      | Gained mutation: Your natural rate of healing is unusually
                  | fast. [Vine Stalker growth]
  1046 | D:2      | Reached XP level 4. HP: 19/22 MP: 6/9
  1091 | D:2      | Identified the +4 dagger "Fohiepp" {flame, Drain rC++}
  1350 | D:2      | Noticed Natasha
  1362 | D:2      | Killed Natasha
  1855 | D:3      | Reached XP level 5. HP: 26/26 MP: 10/10
  2002 | D:4      | Reached skill level 4 in Hexes
  2060 | D:3      | Found a radiant altar of Vehumet.
  2313 | D:4      | Noticed Dowan
  2316 | D:4      | Noticed Duvessa
  2330 | D:4      | Slain by Duvessa

Illustrated notes

Levels and vault maps discovered:
D:1:      onia_arrival_handbag, layout_rooms, st_stairs_13
D:2:      layout_basic, wad_floor_pattern_1, corner_web_ring,
          minmay_fractal_squares_5, uniq_natasha
D:3:      layout_rooms, mainiacjoe_overflow_paths
D:4:      layout_basic, elyvilon_altar_5, slow_altar_1, st_stairs_3,
          uniq_blork_the_orc, uniq_duvessa, uniq_ijyb

Skill      XL: |  1  2  3  4  5 |
---------------+----------------+-----
Short Blades   | 1 2 |  2.3
Fighting       | 1 2 |  2.1
Spellcasting   | 3 |  3.5
Hexes          | 4 |  4.0
Dodging        | |  1.5
Stealth        | |  3.6

Action                     |  1- 3 |  4- 6 || total
---------------------------+-------+-------++-------
  Melee: Dagger            |   145 |   111 ||   256
         Bite              |    27 |    29 ||    56
         Punch             |     1 |       ||     1
  Throw: Boomerang         |       |     2 ||     2
   Cast: Confusing Touch   |       |     2 ||     2
         Tukima's Dance    |       |     1 ||     1
    Use: Potion            |     1 |     1 ||     2
         Scroll            |       |     1 ||     1
   Stab: Sleeping          |     4 |     2 ||     6
         Invisible         |     1 |     1 ||     2
         Confused          |       |     1 ||     1
 Armour: Robe              |     9 |       ||     9
         Leather armour    |    29 |    13 ||    42
  Dodge: Dodged            |   103 |    60 ||   163

Table legend: (Time is in decaauts)
 A = Elapsed time spent in this place.
 B = Non-inter-level travel time spent in this place.
 C = Inter-level travel time spent in this place.
 D = Time resting spent in this place.
 E = Time spent auto-exploring this place.
 F = Levels seen in this place.
 G = Mean time per level.
                   A        B        C        D        E       F      G
               +--------+--------+--------+--------+--------+-----+--------+
         Total |   2313 |   2242 |     71 |      0 |   1429 |   4 |  578.2 |
       Dungeon |   2313 |   2242 |     71 |      0 |   1429 |   4 |  578.2 |
               +--------+--------+--------+--------+--------+-----+--------+

Top non-repeatable levels by time:
     D:2: 1068 daAuts
     D:1: 677 daAuts
     D:3: 524 daAuts
     D:4: 43 daAuts
